 Dungeon Crawl Stone Soup version 0.17-a0-377-gdd46233 (webtiles) character file.

35 Ryushun the Grave Robber (level 3, -1/33 HPs)
             Began as a Formicid Necromancer on Apr 1, 2015.
             Slain by Crazy Yiuf
             ... wielding a +2 quarterstaff of chaos
              (17 damage)
             ... on level 2 of the Dungeon.
             The game lasted 00:07:58 (1178 turns).

Ryushun the Grave Robber (Formicid Necromancer)     Turns: 1178, Time: 00:07:58

Health: -1/33      AC:  6    Str: 21    XL:     3   Next: 52%
Magic:  4/5        EV:  8    Int: 14    God:
Gold:   33         SH:  0    Dex: 11    Spells: 2 memorised, 5 levels left

rFire  . . .     SeeInvis .     (weapon currently unavailable)
rCold  . . .     Clarity  .     (armour currently unavailable)
rNeg   . . .     SustAb   .     (shield currently unavailable)
rPois  +         Gourm    .     (helmet unavailable)
rElec  .         Spirit   .     (cloak currently unavailable)
rCorr  .         Warding  .     (gloves currently unavailable)
rMut   .         Stasis   +     (boots currently unavailable)
MR     .....                    (no amulet)
Stlth  +.........               (no ring)
                                (no ring)

@: hydra-form, not resistant to hostile enchantments, very unstealthy
A: permanent stasis, dig shafts and tunnels, four strong arms, (antennae 0),
(talons 0), (shaggy fur 0), MP-powered wands 1
a: Dig, Shaft Self


You were on level 2 of the Dungeon.
You were not hungry.
You were a 1-headed hydra.
You visited 1 branch of the dungeon, and saw 2 of its levels.

You collected 33 gold pieces.

Inventory:

Hand weapons
 e - a +4 short sword of venom
 g - a +0 whip
 h - a +0 whip
 j - a +0 club
 l - a +0 dagger
 o - a +0 short sword
 u - a +0 club
 w - a +0 club
 x - a +0 hammer
 y - a +0 hammer of draining (melded)
 z - a +0 hammer
Missiles
 f - 19 stones (quivered)
 n - 12 poisoned needles
 t - 15 arrows
Armour
 a - a +1 robe
 k - a +0 robe
 p - a +0 leather armour of cold resistance (melded)
 r - a +0 ring mail
 s - a +0 chain mail
 v - a +0 buckler
Scrolls
 d - a scroll of enchant armour
 m - 2 scrolls of remove curse
 q - 2 scrolls of identify
Books
 b - a book of Necromancy

   Spells                             Type                      Level
   a - Pain                           Necromancy                   1
   b - Animate Skeleton               Necromancy                   1
   c - Vampiric Draining              Necromancy                   3
   d - Regeneration                   Charms/Necromancy            3
   e - Animate Dead                   Necromancy                   4
   f - Control Undead                 Necromancy                   4
Comestibles
 c - a bread ration
 i - 2 chunks of flesh


   Skills:
 * Level 1.3 Fighting
 * Level 0.4 Short Blades
 + Level 0.4 Armour
 * Level 1.9 Dodging
 + Level 2.4 Stealth
 + Level 2.7 Spellcasting
 - Level 4.2 Necromancy


You had 5 spell levels left.
You knew the following spells:

 Your Spells              Type           Power        Failure   Level  Hunger
a - Pain                  Necr           ##..         4%          1    #......
b - Animate Skeleton      Necr           N/A          4%          1    #......


Dungeon Overview and Level Annotations

Branches:
Dungeon (2/15)

Altars:

Annotations:
D:2 Crazy Yiuf


Innate Abilities, Weirdness & Mutations

You are under a permanent stasis effect.
You can dig through walls and to a lower floor.
Your four strong arms can wield two-handed weapons with a shield.
((You have a pair of large antennae on your head (SInv).))
((You have sharp toenails.))
((You are covered in fur (AC +1).))
You expend magic power (3 MP) to slightly strengthen your wands.


Message History

You nip at Crazy Yiuf but do no damage.
Crazy Yiuf is lightly wounded.
Crazy Yiuf laughs, "Defame sing-song head!"
Crazy Yiuf hits you with a quarterstaff of chaos.
Crazy Yiuf freezes you.
You nip at Crazy Yiuf but do no damage.
Crazy Yiuf is lightly wounded.
Crazy Yiuf misses you.
You nip at Crazy Yiuf.
Crazy Yiuf is lightly wounded.
Crazy Yiuf zaps a wand.
You nip at Crazy Yiuf but do no damage.
Crazy Yiuf is lightly wounded.
Crazy Yiuf zaps a wand.
You nip at Crazy Yiuf.
Crazy Yiuf is moderately wounded.
Crazy Yiuf hits you with a quarterstaff of chaos!
You are electrocuted!
Ouch! That really hurt!
You die...

#####
#..)#
#.g.#
#.D.#
##'##
##.#
#.##
##.#
#.##
##.##
#...##
#.PPP#


You could see Crazy Yiuf.

Vanquished Creatures
  A giant gecko (D:1)
  2 oozes (D:1)
  2 ball pythons (D:1)
  3 bats (D:1)
  2 giant cockroaches
  3 goblins (D:1)
  2 hobgoblins (D:1)
  A giant newt (D:1)
  6 kobolds (D:1)
  4 rats (D:1)
26 creatures vanquished.

Vanquished Creatures (collateral kills)
  A bat (D:1)
  A rat (D:1)
2 creatures vanquished.

Vanquished Creatures (others)
  A ball python skeleton (D:1)
1 creature vanquished.

Grand Total: 29 creatures vanquished

Notes
Turn   | Place    | Note
--------------------------------------------------------------
     0 | D:1      | Ryushun, the Formicid Necromancer, began the quest for the Orb.
     0 | D:1      | Reached XP level 1. HP: 13/13 MP: 3/3
     7 | D:1      | Learned a level 1 spell: Animate Skeleton
   252 | D:1      | Reached XP level 2. HP: 10/19 MP: 4/4
   463 | D:1      | Reached skill level 1 in Fighting
   621 | D:1      | Reached XP level 3. HP: 19/26 MP: 0/5
   850 | D:1      | Gained mutation: You are covered in fur (AC +1). [potion of mutation]
   850 | D:1      | Gained mutation: You have sharp toenails. [potion of mutation]
   850 | D:1      | Gained mutation: You expend magic power (3 MP) to slightly strengthen your wands. [potion of mutation]
  1144 | D:1      | You fall through a shaft!
  1169 | D:2      | Noticed Crazy Yiuf
  1178 | D:2      | Slain by Crazy Yiuf

Action                   || total
-------------------------++-------
Melee: Short sword       ||    29
       Unarmed           ||    11
 Cast: Pain              ||    33
       Animate Skeleton  ||     8
  Use: Scroll            ||     4
       Potion            ||     1
  Eat: Chunk             ||     1
